Unix NetHack Version 5.0.0-0 post-release - last build May 10 2026 23:12:36 (d1fa5d53e341ca933230fdaa984d921c805b60aa,branch:main).

Game began 2026-05-16 01:33:30, ended 2026-05-16 01:55:24.

Drastanta, lawful male human Knight

                      --...--                         --------
                      |.....|                        #-......|
                      .{.....##                      #|......|
   ----------         ......| #                   ####|......|#####
   |........|         ...|--- ####                #   |......|    ##  --------
   |...(....|          ###       ##               #   --------     ###.......|
   |...^<...|          *#         ##             ##                   |......|
   --|-------           #          #       #     #*          #########-.....`|
   ###                 ##          # ------.---##############0        --------
   #                  ##           ##...*.....-#
   #                  #              |........|#
  ##                  #              |........|#
 -|--------  ###      #              |........|#
 |....@....####  #----.--            |........|#
 |........|   ####......|            |........|#
 |...(....|       |.{...|            ----------#
 ----------       |...>.|                      #
                  -------

Drastanta the Esquire    St:15 Dx:8 Co:13 In:7 Wi:16 Ch:17  Lawful
Dlvl:5  $:189 HP:0(41) Pw:38(38) AC:3  Xp:5 T:3119  Burdened Blind Deaf

Latest messages:
 You swap places with your saddled pony.
 You swap places with your saddled pony.
 You stop.  Your saddled pony is in the way!
 You swap places with your saddled pony.
 You find a hidden door.
 You swap places with your saddled pony.
 You hear someone counting gold coins.
 The door opens.
 You hear someone counting gold coins.
 You stop.  Your saddled pony is in the way!
 You swap places with your saddled pony.
 The saddled pony hits it.
 You swap places with your saddled pony.
 You climb up the stairs.
 You swap places with your saddled pony.
 You swap places with your saddled pony.
 You swap places with your saddled pony.
 You are momentarily blinded by a flash of light!
 You hear a deafening roar!
 It bites!
 It misses!
 It bites!
 It bites!
 You miss it.
 It bites!
 It misses!
 It bites!
 You miss it.
 It bites!
 It kicks!
 It misses!
 It kicks!
 It bites!
 You miss it.
 It bites!
 It misses!
 It bites!
 It bites!
 It kicks!
 It bites!
 You miss it.
 It just misses!
 It kicks!
 It bites!
 You die...
 Do you want your possessions identified? [ynq] (y) y
 Do you want to see your attributes? [ynq] (y) y
 Do you want an account of creatures vanquished? [ynaq] (y) y
 Do you want to see your conduct and achievements? [ynq] (y) y
 Do you want to see the dungeon overview? [ynq] (y) y

Inventory:
 Coins    ('$')
  $ - 189 gold pieces
 Weapons  (')')
  a - a +1 long sword (weapon in right hand)
 Armor    ('[')
  d - an uncursed +0 helmet (being worn)
  f - an uncursed +0 pair of leather gloves (being worn)
  e - a blessed +0 small shield (being worn)
  c - an uncursed +1 ring mail (being worn)
 Comestibles  ('%')
  N - 2 uncursed slime molds
  g - 10 uncursed apples
  C - a cursed apple
  h - 6 uncursed carrots
  o - an uncursed food ration
  B - an uncursed fortune cookie
  t - an uncursed sprig of wolfsbane
  H - 2 uncursed tripe rations
  k - a blessed tin of deep fried lichen
 Scrolls  ('?')
  u - an uncursed scroll of confuse monster
  y - a cursed scroll of create monster
  F - an uncursed scroll of destroy armor
  E - a cursed scroll of enchant armor
  J - a cursed scroll of enchant weapon
  Q - an uncursed scroll of identify
  R - an uncursed scroll of remove curse
  v - an uncursed scroll of scare monster
 Spellbooks  ('+')
  S - a blessed spellbook of detect monsters
  L - an uncursed spellbook of teleport away
 Potions  ('!')
  M - an uncursed potion of booze
  G - a cursed potion of booze
  O - a blessed potion of confusion
  n - an uncursed potion of gain energy
  j - an uncursed potion of monster detection
  D - an uncursed potion of see invisible
  i - an uncursed potion of speed
 Wands    ('/')
  z - a wand of stasis (0:5)
  q - a wand of striking (0:2)
 Tools    ('(')
  P - a bag of tricks (0:12)
  r - a blessed oil lamp
  x - an uncursed skeleton key

Drastanta the Knight's attributes:

Background:
 You were an Esquire, a level 5 male human Knight.
 You were lawful, on a mission for Lugh
 who was opposed by Brigit (neutral) and Manannan Mac Lir (chaotic).
 You were right-handed.
 You were in the Dungeons of Doom, on level 5.
 You entered the dungeon 3119 turns ago.
 It was nighttime.
 There was a new moon in effect when your adventure ended.
 You had 206 experience points, 114 more were needed to attain level 6.

Basics:
 You had 0 out of 41 hit points.
 You had all 38 energy points (spell power).
 Your armor class was 3.
 Your wallet contained 189 zorkmids.
 Autopickup was off.

Final Characteristics:
 Your strength was 15 (limit:18/100).
 Your dexterity was 8 (limit:18).
 Your constitution was 13 (limit:18).
 Your intelligence was 7 (limit:18).
 Your wisdom was 16 (limit:18).
 Your charisma was 17 (limit:18).

Final Status:
 You were temporarily blind.
 You were deaf.
 You weren't hungry.
 You were burdened; movement was slightly slowed.
 You were wielding a long sword.
 You had basic skill with long sword.

Final Attributes:
 You were piously aligned.
 You could jump.
 You were warded.
 You are dead.

Miscellaneous:
 You didn't encounter any bones levels.
 Total elapsed playing time was 21 minutes and 54 seconds.

Major events:
 Turn
    1: Drastanta the lawful male human Knight entered the dungeon
 1353: attained the rank of Esquire (level 3)
 3119: killed by a pony

You didn't know any spells.

Skills:
 Fighting Skills
   bare handed combat [Unskilled]
   two weapon combat  [Unskilled]
   riding             [Basic]
 Weapon Skills
   dagger             [Unskilled]
   knife              [Unskilled]
   axe                [Unskilled]
   pick-axe           [Unskilled]
   short sword        [Unskilled]
   broadsword         [Unskilled]
   long sword         [Basic]
   two-handed sword   [Unskilled]
   saber              [Unskilled]
   club               [Unskilled]
   mace               [Unskilled]
   morning star       [Unskilled]
   flail              [Unskilled]
   hammer             [Unskilled]
   polearms           [Unskilled]
   spear              [Unskilled]
   trident            [Unskilled]
   lance              [Basic]
   bow                [Unskilled]
   crossbow           [Unskilled]
 Spellcasting Skills
   attack spells      [Unskilled]
   healing spells     [Unskilled]
   clerical spells    [Unskilled]

Voluntary challenges:
 Character rerolling was not enabled.
 You never genocided any monsters.
 You never polymorphed an object.
 You never changed form.
 You used no wishes.
Achievements:
 You entered a shop.
 You attained the rank of Esquire.

 The Dungeons of Doom: levels 1 to 7
    Level 1:
       An altar to Lugh.
    Level 2:
       A general store.
    Level 3:
       Many altars.
    Level 4:
       Some fountains.
    Level 5: <- You were here.
       Some fountains.
       Final resting place for
          you, killed by a pony.
    Level 6:
    Level 7:


Vanquished creatures:
  a dingo
  a water nymph
  2 rock moles
  a gray ooze
  a straw golem
  2 giant ants
  a little dog
  a kobold leader
  2 rothes
  a giant bat
 an iguana
 an acid blob
  2 large kobolds
  a giant rat
  a gnome zombie
  a gecko
  8 jackals
  3 foxes
  a kobold
  4 sewer rats
  3 grid bugs
  3 bats
  3 lichens
  7 newts
52 creatures vanquished.

No species were genocided or became extinct.

Game over:
                       ----------
                      /          \
                     /    REST    \
                    /      IN      \
                   /     PEACE      \
                  /                  \
                  |    Drastanta     |
                  |      189 Au      |
                  | killed by a pony |
                  |                  |
                  |                  |
                  |                  |
                  |       2026       |
                 *|     *  *  *      | *
        _________)/\\_//(\/(/\)/\//\/|_)_______

Fare thee well Drastanta the Knight...

You died in The Dungeons of Doom on dungeon level 5 with 1305 points,
and 189 pieces of gold, after 3119 moves.
You were level 5 with a maximum of 41 hit points when you died.

